Description

dsds

Build Order

Get SALT Encoding   

  13  0:12  Overlord  
  16  0:48  Hatchery  
  18  1:07  Extractor  
  17  1:12  Spawning Pool  
  20  1:51  Overlord  
  20  2:00  Queen x2  
  24  2:02  Primal Zergling x4  
  26  2:07  Metabolic Boost  
  30  2:41  Hatchery  
  32  2:45  Queen, Overlord  Nat
  36  2:50  Queen  Main
  38  3:15  Overlord  
  44  3:40  Overlord  
  46  3:50  Primal Zergling x2  
  50  3:55  Queen  3rd
  57  4:20  Lair  
  63  4:30  Roach Warren, Primal Zergling x5, Extractor x2  
  71  5:00  Evolution Chamber  
  92  6:10  Hatchery  
Spawning Tool Build Advisor. Get it on Overwolf

Go to:

Details

  • Created by: Griefing101
  • Published on: Apr 06, 2021
  • Modified on: Apr 06, 2021
  • Patch: 4.11.0
  • Difficulty: Easy
Show
View Real Time Build Order
Export as new Build Order

Comments (0)

There are no comments. Be the first!

Create an account to comment!